 Dungeon Crawl Stone Soup version 0.21.1-1-g345015f (webtiles) character file.

662 Harpaggios the Sneak (level 7, -11/54 HPs)
             Began as a Demonspawn Gladiator on Mar 7, 2018.
             Mangled by homeworkjunkie's ghost (13 damage)
             ... on level 4 of the Dungeon.
             The game lasted 00:36:31 (3922 turns).

Harpaggios the Sneak (Demonspawn Gladiator)         Turns: 3922, Time: 00:36:32

Health: -11/54     AC:  5    Str: 14    XL:     7   Next: 30%
Magic:  7/7        EV: 15    Int: 10    God:    Xom [..*...]
Gold:   196        SH:  0    Dex: 22    Spells: 6/6 levels left

rFire    . . .     SeeInvis .   r - +1 spear (pierce)
rCold    . . .     Gourm    .   (no shield)
rNeg     . . .     Faith    .   b - +1 leather armour
rPois    +         Spirit   .   (helmet restricted)
rElec    .         Reflect  .   a - +0 cloak {+Inv}
rCorr    .         Harm     .   (no gloves)
MR       .....                  (no boots)
Stlth    ++++......             (no amulet)
HPRegen  0.18/turn              i - +6 ring of dexterity
MPRegen  0.10/turn              (no ring)

@: no status effects
A: horns 1, talons 1, nightstalker 1, poison resistance, spiny 1, sturdy frame 1
a: Renounce Religion, Evoke Invisibility


You were on level 4 of the Dungeon.
You worshipped Xom.
You were a toy of Xom.
You were near starving.

You visited 2 branches of the dungeon, and saw 5 of its levels.

You collected 196 gold pieces.

Inventory:

Hand Weapons
 l - a +0 hunting sling
 r - a +1 spear of piercing (weapon)
Missiles
 m - 29 stones (quivered)
Armour
 a - a +0 cloak of invisibility (worn)
 b - a +1 leather armour (worn)
Jewellery
 c - an uncursed amulet of magic regeneration
 i - a +6 ring of dexterity (left hand)
 o - an uncursed ring of fire
Wands
 e - a wand of random effects (28)
Scrolls
 h - 3 scrolls of identify
 q - a scroll of blinking {unknown}
Potions
 g - 4 potions of brilliance
 j - a potion of flight
 p - a potion of curing
Books
 k - a book of Misfortune

   Spells                             Type                      Level
   a - Confusing Touch                Hexes                        1
   b - Confuse                        Hexes                        3
   c - Gell's Gravitas                Translocation                3
   d - Petrify                        Transmutation/Earth          4
   e - Metabolic Englaciation         Hexes/Ice                    5
   f - Yara's Violent Unravelling     Hexes/Transmutation          5
Comestibles
 f - 7 rations


   Skills:
 + Level 4.0 Fighting
 + Level 3.9 Polearms
 + Level 3.4 Throwing
 + Level 3.9 Dodging
 - Level 4.1 Stealth
 * Level 0.0 Evocations


You had 6 spell levels left.
You didn't know any spells.

Dungeon Overview and Level Annotations

Branches:
Dungeon (4/15)             Temple (1/1) D:4

Altars:
Ashenzari
Cheibriados
Dithmenos
Elyvilon
Fedhas
Gozag
Hepliaklqana
Kikubaaqudgha
Ru
Trog
Uskayaw
Vehumet
Wu Jian
Xom
Yredelemnul
Zin
The Shining One

Annotations:
D:4 homeworkjunkie's ghost, amateur HOFi


Innate Abilities, Weirdness & Mutations

You have sharp toenails.
You are slightly more attuned to the shadows.
You are partially covered in sharp spines.
You have a pair of small horns on your head.
Your system is resistant to poisons. (rPois)
Your movements are slightly less encumbered by armour. (ER -2)


Message History

You hit homeworkjunkie's ghost but do no damage.
You claw homeworkjunkie's ghost.
Homeworkjunkie's ghost is heavily damaged.
The worm is struck by your spines. The worm bites you!
Homeworkjunkie's ghost is struck by your spines.
Homeworkjunkie's ghost hits you.
You hit homeworkjunkie's ghost but do no damage.
You claw homeworkjunkie's ghost.
Homeworkjunkie's ghost is heavily damaged.
The worm misses you.
Homeworkjunkie's ghost is struck by your spines.
Homeworkjunkie's ghost hits you!
* * * LOW HITPOINT WARNING * * *
As you read the scroll labeled OKHOCW ONNYISMAON, it crumbles to dust.
It is a scroll of amnesia.
You feel forgetful for a moment.
Xom's attention almost turns to you for a moment.
Nothing appears to happen.
Homeworkjunkie's ghost hits you!
You die...
Xom titters!

#<#.#.# #.#.# #.....#
###.#.# ###....##......
#.#.......... ######
#............ #.....
#.#..#...#... #.....
##.##.##......
#.....####..##.###.....
#.....@W.(.............
#....w####..##....[....
#..... #...##.####...
#..... ###∩#### #..>
####.# ..# #..# #. .##
#..# ## .∩ #... .#
##... ####### ##....


You could see a worm and homeworkjunkie's ghost.

Vanquished Creatures
  Grinder (D:4)
  An ogre (D:3)
  An orc priest (D:3)
  Crazy Yiuf (D:4)
  Jessica (D:2)
  Natasha (thrice) (D:3)
  2 orc wizards
  A worker ant (D:4)
  4 adders
  3 oozes
  6 worms
  6 leopard geckos
  10 orcs
  5 giant cockroaches
  9 goblins
  6 hobgoblins
  3 quokkas
  2 ball pythons
  4 bats
  2 frilled lizards
  6 kobolds
  6 rats
83 creatures vanquished.

Notes
Turn   | Place    | Note
-------+----------+-------------------------------------------
     0 | D:1      | Harpaggios the Demonspawn Gladiator began the quest for the Orb.
     0 | D:1      | Reached XP level 1. HP: 16/16 MP: 1/1
   321 | D:1      | Gained mutation: You are slightly more attuned to the shadows. [demonic ancestry]
   321 | D:1      | Reached XP level 2. HP: 22/23 MP: 2/2
   787 | D:1      | Found a glowing golden altar of the Shining One.
   952 | D:2      | Gained mutation: You are partially covered in sharp spines. [demonic ancestry]
   952 | D:2      | Reached XP level 3. HP: 28/28 MP: 3/3
  1244 | D:2      | Gained mutation: You possess an exceptional clarity of mind. [potion of mutation]
  1244 | D:2      | Gained mutation: You passively map a small area around you. [potion of mutation]
  1245 | D:2      | Lost mutation: You possess an exceptional clarity of mind. [potion of mutation]
  1245 | D:2      | Gained mutation: You passively map the area around you. [potion of mutation]
  1245 | D:2      | Gained mutation: You have sharp fingernails. [potion of mutation]
  1311 | D:2      | Noticed Jessica
  1340 | D:2      | Killed Jessica
  1340 | D:2      | Reached skill level 1 in Stealth
  1340 | D:2      | Reached XP level 4. HP: 29/35 MP: 4/4
  1480 | D:2      | Lost mutation: You passively map the area around you. [potion of mutation]
  1480 | D:2      | Lost mutation: You passively map a small area around you. [potion of mutation]
  1480 | D:2      | Lost mutation: You have sharp fingernails. [potion of mutation]
  1480 | D:2      | Gained mutation: Your movements are slightly less encumbered by armour. (ER -2) [potion of mutation]
  1480 | D:2      | Gained mutation: You have a pair of small horns on your head. [potion of mutation]
  1480 | D:2      | Gained mutation: Your system is resistant to poisons. (rPois) [potion of mutation]
  1480 | D:2      | Gained mutation: You have large cloven feet. [potion of mutation]
  1629 | D:3      | Noticed an ogre
  2060 | D:3      | Killed an ogre
  2060 | D:3      | Reached XP level 5. HP: 27/41 MP: 5/5
  2256 | D:3      | Found a white marble altar of Elyvilon.
  2257 | D:3      | Found a basalt altar of Yredelemnul.
  2288 | D:3      | Found an ornate altar of the Wu Jian Council.
  2289 | D:3      | Found a shattered altar of Ashenzari.
  2304 | D:3      | Found a snail-covered altar of Cheibriados.
  2304 | D:3      | Found a bloodstained altar of Trog.
  2305 | D:3      | Found a shadowy altar of Dithmenos.
  2373 | D:3      | Reached XP level 6. HP: 47/47 MP: 6/6
  2420 | D:3      | Noticed Natasha
  2426 | D:3      | Killed Natasha
  2712 | D:3      | Noticed Natasha
  2716 | D:3      | Killed Natasha
  2992 | D:3      | Noticed Natasha
  3000 | D:3      | Killed Natasha
  3118 | D:4      | Noticed Grinder
  3139 | D:4      | Paralysed by Grinder for 3 turns
  3145 | D:4      | Killed Grinder
  3145 | D:4      | Lost mutation: You have large cloven feet. [demonic ancestry]
  3145 | D:4      | Gained mutation: You have sharp toenails. [demonic ancestry]
  3145 | D:4      | Reached XP level 7. HP: 27/53 MP: 7/7
  3387 | D:4      | Found a shattered altar of Ashenzari.
  3460 | D:4      | Found a staircase to the Ecumenical Temple.
  3466 | Temple   | Entered the Ecumenical Temple
  3651 | Temple   | Became a worshipper of Xom of Chaos
  3742 | D:4      | Found a runed door.
  3746 | D:4      | Noticed Crazy Yiuf
  3753 | D:4      | Killed Crazy Yiuf
  3902 | D:4      | Noticed homeworkjunkie's ghost (amateur HOFi)
  3921 | D:4      | HP: 2/54 [homeworkjunkie's ghost (15)]
  3922 | D:4      | XOM: harmless Tloc miscast
  3922 | D:4      | Mangled by homeworkjunkie's ghost

Skill      XL: |  1  2  3  4  5  6  7 |
---------------+----------------------+-----
Throwing       | 2 3 |  3.4
Dodging        | 3 |  3.9
Fighting       | 3 4 |  4.0
Polearms       | 3 |  3.9
Stealth        | 1 3 4 |  4.1

Action                   |  1- 3 |  4- 6 |  7- 9 || total
-------------------------+-------+-------+-------++-------
Melee: Trident           |    90 |   125 |    13 ||   228
       Kick              |       |    31 |     8 ||    39
       Headbutt          |       |    20 |     5 ||    25
       Spear             |       |       |    16 ||    16
Throw: Throwing net      |     1 |       |     2 ||     3
  Use: Potion            |     7 |     4 |     1 ||    12
       Scroll            |     4 |     5 |     3 ||    12
 Stab: Sleeping          |     8 |     6 |     3 ||    17
       Distracted        |       |     2 |       ||     2
       Held in net/web   |       |       |     1 ||     1
  Eat: Chunk             |     1 |     6 |     1 ||     8
Armor: Leather armour    |    15 |     9 |       ||    24
Dodge: Dodged            |    37 |    45 |    11 ||    93
